[Event "African Online-ch O50-Seniors 2021"]
[Site "Online"]
[Date "2021.02.01"]
[Round "9.2"]
[White "Kpodo, Evans Mawuko"]
[Black "Belabbas, Haddouche"]
[Result "1-0"]
[ECO "B15"]
[WhiteElo "1654"]
[BlackElo "1776"]
[Annotator "NA RC"]
[PlyCount "65"]
[EventDate "2021.02.01"]
[EventType "swiss"]
[EventCountry "NET"]
[SourceTitle "playchess.com"]
[Source "ChessBase"]
[SourceQuality "1"]
[TimeControl "1500+10"]

1. e4 c6 2. d4 d5 3. Nc3 dxe4 4. Nxe4 Nf6 5. Bd3 Qxd4 6. Nf3 Qd8 7. Nxf6+ gxf6 8. Bd2 Bg4 9. h3 Bh5 10. Qe2 e6 11. O-O-O Qc7 12. Kb1 Nd7 13. g4 Bg6 14. Nh4 O-O-O 15. f4 Bxd3 16. Qxd3 Bd6 17. Rhf1 Nb6 18. Qb3 Nd5 19. f5 e5 20. Be3 Nxe3 21. Qxe3 Qb6 22. Qxb6 axb6 23. Rd3 e4 24. Re3 Rde8 25. Rfe1 Bg3 26. Rxg3 Re5 27. c3 Rhe8 28. Rge3 c5 29. Ng2 Kc7 30. Nf4 Kc6 31. Nh5 Rd8 32. Nxf6 Rd2 33. Nxe4 1-0

[Event "African Online-ch O50-Seniors 2021"]
[Site "Online"]
[Date "2021.02.01"]
[Round "9.3"]
[White "Mukabi, John"]
[Black "Flora, Francisco Jose Estev"]
[Result "0-1"]
[ECO "A46"]
[WhiteElo "1820"]
[BlackElo "1808"]
[Annotator "NA RC"]
[PlyCount "114"]
[EventDate "2021.02.01"]
[EventType "swiss"]
[EventCountry "NET"]
[SourceTitle "playchess.com"]
[Source "ChessBase"]
[SourceQuality "1"]
[TimeControl "1500+10"]

1. d4 c5 2. Nf3 Nf6 3. Bf4 cxd4 4. Nxd4 e5 5. Qd2 exd4 6. Qxd4 Nc6 7. Qd1 d5 8. e3 Be6 9. a3 h6 10. Nc3 Bd6 11. Bxd6 Qxd6 12. Bb5 O-O 13. h3 a6 14. Be2 d4 15. exd4 Qxd4 16. O-O Qxd1 17. Raxd1 Rfd8 18. Bf3 Rxd1 19. Rxd1 Rd8 20. Rxd8+ Nxd8 21. Kf1 Bf5 22. Bd1 Nc6 23. Ke1 Kf8 24. f3 Ke7 25. Kd2 Kd6 26. g4 Be6 27. f4 Bc4 28. b3 Bf1 29. h4 Bg2 30. Kd3 Nd5 31. Na4 b5 32. Nb2 Nxf4+ 33. Ke3 Ng6 34. h5 Nge5 35. Be2 f6 36. a4 Kc5 37. axb5 axb5 38. c3 Bd5 39. b4+ Kb6 40. Kf4 Be6 41. Nd1 Ne7 42. Kg3 Bc4 43. Bxc4 Nxc4 44. Kf4 Kc6 45. Ke4 Kd6 46. Nf2 Ne5 47. Kd4 N5c6+ 48. Ke4 Nd5 49. Kd3 Ne5+ 50. Kd4 Nc6+ $2 (50... Kc6 $19 51. Ne4 Nxg4) 51. Kd3 Ke5 52. Ne4 Nf4+ 53. Ke3 Ne7 54. Nc5 Ned5+ 55. Kd2 Ne6 56. Nd7+ Kf4 57. Nb8 Kxg4 $19 0-1

[Event "African Online-ch O50-Seniors 2021"]
[Site "Online"]
[Date "2021.02.01"]
[Round "9.5"]
[White "Fernandes, Luis De Pina"]
[Black "Molapo, Joang"]
[Result "0-1"]
[ECO "C02"]
[WhiteElo "1601"]
[BlackElo "1607"]
[Annotator "NA RC"]
[PlyCount "98"]
[EventDate "2021.02.01"]
[EventType "swiss"]
[EventCountry "NET"]
[SourceTitle "playchess.com"]
[Source "ChessBase"]
[SourceQuality "1"]
[TimeControl "1500+10"]

1. e4 e6 2. d4 d5 3. e5 c5 4. c3 Qb6 5. Nf3 Nc6 6. a4 c4 7. Be2 h6 8. O-O Bd7 9. Nbd2 Na5 10. Rb1 Nb3 11. Nxb3 Bxa4 12. Nfd2 Bxb3 13. Nxb3 cxb3 14. c4 O-O-O 15. c5 Qb4 16. Ra1 Ne7 17. Ra3 Nc6 18. Be3 a6 19. Rxb3 Qa4 20. Ra3 Qxd1 21. Rxd1 f6 22. f4 Be7 23. Rb1 g5 24. g3 Rhg8 25. Kf2 gxf4 26. gxf4 fxe5 27. fxe5 Bh4+ 28. Kf1 Rdf8+ 29. Bf4 Rxf4+ 30. Rf3 Rxf3+ 31. Bxf3 Rf8 32. Kg2 Nxd4 33. Bh5 Rf2+ 34. Kh3 Nf5 35. Bg4 Bg5 36. Bxf5 Rxf5 37. b4 Rxe5 38. Rf1 Rf5 39. Rb1 Kc7 40. b5 axb5 41. Rxb5 Rf3+ 42. Kg4 Rc3 43. Rb6 Rxc5 44. Rxe6 b5 45. h4 Rc4+ 46. Kf5 Rxh4 47. Ke5 Re4+ 48. Kxd5 Rxe6 49. Kxe6 b4 0-1